Workbook

Sheet con mto
A1: FORMATO CONSOLIDADO COSTOS DE MANO DE OBRA
A2: ITEM | B2: Nombre del activo | C2: V/R unitario | D2: Iva 16% | E2: Total con Iva
A3: 1 | B3: Automovil Chevrolet Chevy Taxi
A4: 2 | B4: Automovil Hyundai Accent GLS
A5: 3 | B5: Automovil Hyundai Atos Prime GL
A6: 4 | B6: Automovil Kia Rio
A7: 5 | B7: Automovil Mazda 323 NTI
A8: 6 | B8: Automovil Mazda 626 GLX
A9: 7 | B9: Automovil Nissan sentra
A10: 8 | B10: Automovil renault Logan
A11: 9 | B11: Automovil Renault Symbol
A12: 10 | B12: Automovil Renault Scala
A13: 11 | B13: Automovil Volkswagen Gol
A14: 12 | B14: Automovil Volkswagen Jetta
A15: 13 | B15: Automovil BMW
A16: 14 | B16: Camioneta Chevrolet Rodeo | C16: =SUM(#REF!) -> #REF! | D16: =SUM(#REF!) -> #REF! | E16: =SUM(#REF!) -> #REF!
A17: 15 | B17: Camioneta Chevrolet Luv | C17: =SUM(#REF!) -> #REF! | D17: =SUM(#REF!) -> #REF! | E17: =SUM(#REF!) -> #REF!
A18: 16 | B18: Camioneta Ford Escape | C18: =SUM(#REF!) -> #REF! | D18: =SUM(#REF!) -> #REF! | E18: =SUM(#REF!) -> #REF!
A19: 17 | B19: Camioneta Ford ECONOLINE E250 | C19: =SUM(#REF!) -> #REF! | D19: =SUM(#REF!) -> #REF! | E19: =SUM(#REF!) -> #REF!
A20: 18 | B20: Camioneta Hyundai TERRACAM SW | C20: =SUM(#REF!) -> #REF! | D20: =SUM(#REF!) -> #REF! | E20: =SUM(#REF!) -> #REF!
A21: 19 | B21: Camioneta Jeep GRAN CHEROKEE | C21: =SUM(#REF!) -> #REF! | D21: =SUM(#REF!) -> #REF! | E21: =SUM(#REF!) -> #REF!
A22: 20 | B22: Camioneta KIA SPORTAGE LX | C22: =SUM(#REF!) -> #REF! | D22: =SUM(#REF!) -> #REF! | E22: =SUM(#REF!) -> #REF!
A23: 21 | B23: Camioneta KIA MOHAVE | C23: =SUM(#REF!) -> #REF! | D23: =SUM(#REF!) -> #REF! | E23: =SUM(#REF!) -> #REF!
A24: 22 | B24: Camioneta Mazda BT 50 | C24: =SUM(#REF!) -> #REF! | D24: =SUM(#REF!) -> #REF! | E24: =SUM(#REF!) -> #REF!
A25: 23 | B25: Camioneta Mitsubishi L 300 | C25: =SUM(#REF!) -> #REF! | D25: =SUM(#REF!) -> #REF! | E25: =SUM(#REF!) -> #REF!
A26: 24 | B26: Camioneta Nissan Frontier | C26: =SUM(#REF!) -> #REF! | D26: =SUM(#REF!) -> #REF! | E26: =SUM(#REF!) -> #REF!
A27: 25 | B27: Camioneta Nissan Pathfinder | C27: =SUM(#REF!) -> #REF! | D27: =SUM(#REF!) -> #REF! | E27: =SUM(#REF!) -> #REF!
... A30: 28 | B30: Camioneta Volkswagen Amarok | C30: =SUM(#REF!) -> #REF! | D30: =SUM(#REF!) -> #REF! | E30: =SUM(#REF!) -> #REF!
B32: TOTAL | C32: =SUM(C3:C31) -> #REF! | D32: =SUM(D3:D31) -> #REF! | E32: =SUM(E3:E31) -> #REF!
B38: Firma Representante Legal
B39: Nombre Representante legal:
B40: Nit No.
B41: Dirección:
B42: Teléfono:

Sheet con rtos
A1: FORMATO CONSOLIDADO COSTOS DE REPUESTOS
A2: ITEM | B2: Nombre del activo | C2: V/R unitario | D2: Iva 16% | E2: Total con Iva
A3: 1 | B3: Automovil Chevrolet Chevy Taxi | C3: =SUM(#REF!) -> #REF! | D3: =SUM(#REF!) -> #REF! | E3: =SUM(#REF!) -> #REF!
A4: 2 | B4: Automovil Hyundai Accent GLS | C4: =SUM(#REF!) -> #REF! | D4: =SUM(#REF!) -> #REF! | E4: =SUM(#REF!) -> #REF!
A5: 3 | B5: Automovil Hyundai Atos Prime GL | C5: =SUM(#REF!) -> #REF! | D5: =SUM(#REF!) -> #REF! | E5: =SUM(#REF!) -> #REF!
A6: 4 | B6: Automovil Kia Rio | C6: =SUM(#REF!) -> #REF! | D6: =SUM(#REF!) -> #REF! | E6: =SUM(#REF!) -> #REF!
A7: 5 | B7: Automovil Mazda 323 NTI | C7: =SUM(#REF!) -> #REF! | D7: =SUM(#REF!) -> #REF! | E7: =SUM(#REF!) -> #REF!
A8: 6 | B8: Automovil Mazda 626 GLX | C8: =SUM(#REF!) -> #REF! | D8: =SUM(#REF!) -> #REF! | E8: =SUM(#REF!) -> #REF!
A9: 7 | B9: Automovil Nissan sentra | C9: =SUM(#REF!) -> #REF! | D9: =SUM(#REF!) -> #REF! | E9: =SUM(#REF!) -> #REF!
A10: 8 | B10: Automovil renault Logan | C10: =SUM(#REF!) -> #REF! | D10: =SUM(#REF!) -> #REF! | E10: =SUM(#REF!) -> #REF!
A11: 9 | B11: Automovil Renault Symbol | C11: =SUM(#REF!) -> #REF! | D11: =SUM(#REF!) -> #REF! | E11: =SUM(#REF!) -> #REF!
A12: 10 | B12: Automovil Renault Scala | C12: =SUM(#REF!) -> #REF! | D12: =SUM(#REF!) -> #REF! | E12: =SUM(#REF!) -> #REF!
A13: 11 | B13: Automovil Volkswagen Gol | C13: =SUM(#REF!) -> #REF! | D13: =SUM(#REF!) -> #REF! | E13: =SUM(#REF!) -> #REF!
A14: 12 | B14: Automovil Volkswagen Jetta | C14: =SUM(#REF!) -> #REF! | D14: =SUM(#REF!) -> #REF! | E14: =SUM(#REF!) -> #REF!
... A30: 28 | B30: Camioneta Volkswagen Amarok | C30: =SUM(#REF!) -> #REF! | D30: =SUM(#REF!) -> #REF! | E30: =SUM(#REF!) -> #REF!
B32: TOTAL | C32: =SUM(C3:C31) -> #REF! | D32: =SUM(D3:D31) -> #REF! | E32: =SUM(E3:E31) -> #REF!
B38: Firma Representante Legal
B39: Nombre Representante legal:
B40: Nit No.
B41: Dirección:
B42: Teléfono:

Sheet con gral
B1: FORMATO PROPUESTA GENERAL MANO DE OBRA Y REPUESTOS
B2: Item | C2: V/R unitario | D2: Iva 16% | E2: Total con Iva
B3: MANO DE OBRA | C3: =SUM('con mto'!C32) -> #REF! | D3: =SUM('con mto'!D32) -> #REF! | E3: =SUM('con mto'!E32) -> #REF!
B4: REPUESTOS | C4: =SUM('con rtos'!C32) -> #REF! | D4: =SUM('con rtos'!D32) -> #REF! | E4: =SUM('con rtos'!E32) -> #REF!
B5: TOTAL | C5: =SUM(C3:C4) -> #REF! | D5: =SUM(D3:D4) -> #REF! | E5: =SUM(E3:E4) -> #REF!
B13: Firma Representante Legal
B14: Nombre Representante legal:
B15: Nit No.
B16: Dirección:
B17: Teléfono:

Sheet MANO DE OBRA
A1: MANTENIMIENTO DE MOTOCICLETAS (MANO DE OBRA)
B2: Incluye costos directos e indirectos
A4: ITEM | B4: DESCRIPCION | C4: VALOR
A5: 1 | B5: REVISIONES PERIODICAS | C5: SUBTOTAL | D5: IVA | E5: PRECIO TOTAL
A6: 1.1 | B6: SINCRONIZACION (INCLUYE REVISION Y LUBRICACION DE GUAYAS, CALIBRACION DE VALVULAS, LIMPIEZA CUERPO DE ACELERACION YA SEA UN MOTOR INYECTADO O CARBURADO, LAVADO DE INYECTORES POR ULTRASONIDO, CAMBIO DE FILTROS, CAMBIO O MANTENIMIENTO DE BUJIAS, CALIBRACION DE SENSORES Y REVISION ELECTRICA GENERAL). | C6: 247899 | D6: =C6*0.19 -> 47100.81 | E6: =+C6+D6 -> 294999.81
A7: 1.2 | B7: MANTENIMIENTO GENERAL DE FRENOS (INCLUYE LIMPIEZA PROFUNDA DE MORDASAS Y/O CAMPANA, MANTENIMIENTO BOMBAS DE FRENO, MANTENIMIENTO DE CILINDROS CON CAMBIO DE O-RINGS, CAMBIO DE LIQUIDO DE FRENOS SEGUN CORRESPONDA, PURGA DE FRENOS,REVISION Y LUBRICACION DE GUAYAS, CAMBIO DE PASTILLAS SEGUN CORRESPONDA, CAMBIO O MANTENIMIENTO DE BANDAS SEGÚN CORRESPONDA. | C7: 153781.51 | D7: =C7*0.19 -> 29218.487 | E7: =+C7+D7 -> 183000
A8: 1.3 | B8: MANTENIMIENTO RAPIDO (INCLUYE LAVADO, LUBRICACION Y AJUSTE DE CADENA,REVISION Y LUBRICACION DE GUAYAS, AJUSTE DE FRENOS , CAMBIO DE ACEITE Y FILTRO DE ACEITE SI LO REQUIERE. INSPECCION DE REFRIGERANTE) | C8: 208403.36 | D8: =C8*0.19 -> 39596.639 | E8: =+C8+D8 -> 248000
A9: 1.4 | B9: MANTENIMIENTO COMPLETO (INCLUYE COMBOS SINCRONIZACION + MANTENIMIENTO GENERAL DE FRENOS + MANTENIMIENTO TREN DELANTERO + REVISION ELECTRICA + CORRECCION DE FUGAS Y AJUSTE DE MOTOR + CAMBIO DE ACEITE Y FILTROS). | C9: 343697.48 | D9: =C9*0.19 -> 65302.521 | E9: =+C9+D9 -> 409000
A10: 1.5 | B10: MANTENIMIENTO TREN DELANTERO (INCLUYE REVISION Y LUBRICACION DE GUAYAS, MANTENIMIENTO O CAMBIO DE CUNAS DE DIRECCION, LIMPIEZA Y ENGRASE DE EJE, REVISION Y CAMBIO DE RODAMIENTOS SI ES NECESARIO, MANTENIMIENTO DE BARRAS DE SUSPENSION CON CAMBIO DE ACEITE DE BARRAS Y SI ES NECESARIO CAMBIO DE RETENEDORES TELESCOPICOS.) | C10: 167226.89 | D10: =C10*0.19 -> 31773.109 | E10: =+C10+D10 -> 199000
A11: 1.6 | B11: MANTEINIMENTO PREVENTIVO (INCLUYE SINCRONIZACION + MANTENIMIENTO GENERAL DE FRENOS) | C11: 163025.21 | D11: =C11*0.19 -> 30974.79 | E11: =+C11+D11 -> 194000
A12: 1.7 | B12: MANTENIMIENTO BASICO (INCLUYE CAMBIO DE ACEITE Y FILTRO + PASTILLAS Y/O BANDAS SEGÚN CORRESPONDA | C12: 126890.76 | D12: =C12*0.19 -> 24109.244 | E12: =+C12+D12 -> 151000
B13: SUBTOTAL | C13: =SUM(C6:C12) -> 1410924.2 | D13: =SUM(D6:D12) -> 268075.6 | E13: =SUM(E6:E12) -> 1678999.8
A14: 2 | B14: SINCRONIZACION | C14: SUBTOTAL | D14: IVA | E14: PRECIO TOTAL
A15: 2.1 | B15: CAMBIO GUAYA ACELERADOR | C15: 22689.076 | D15: =C15*0.19 -> 4310.9244 | E15: =+C15+D15 -> 27000
A16: 2.2 | B16: CAMBIO GUAYA CHOKE | C16: 22689.076 | D16: =C16*0.19 -> 4310.9244 | E16: =+C16+D16 -> 27000
A17: 2.3 | B17: LUBRICAR GUAYAS | C17: 26890.756 | D17: =C17*0.19 -> 5109.2437 | E17: =+C17+D17 -> 32000
A18: 2.4 | B18: COMPROBACION NIVELES | C18: 13445.378 | D18: =C18*0.19 -> 2554.6218 | E18: =+C18+D18 -> 16000
A19: 2.5 | B19: CAMBIO CAPUCHON BUJIA | C19: 9243.6975 | D19: =C19*0.19 -> 1756.3025 | E19: =+C19+D19 -> 11000
A20: 2.6 | B20: CAMBIO BOMBA COMBUSTIBLE | C20: N/A | D20: N/A | E20: N/A
A21: 2.7 | B21: MANTENIMIENTO BOMBA DE COMBUSTIBLE (INCUYE CAMBIO DE FILTRO) | C21: N/A | D21: N/A | E21: N/A
A22: 2.8 | B22: CAMBIO DE BUJIAS | C22: 18487.395 | D22: =C22*0.19 -> 3512.605 | E22: =+C22+D22 -> 22000
A23: 2.9 | B23: FILTRO DE AIRE | C23: 13445.378 | D23: =C23*0.19 -> 2554.6218 | E23: =+C23+D23 -> 16000
A24: 2.10 | B24: SENSOR O SENSORES SISTEMA FI | C24: N/A | D24: N/A | E24: N/A
A25: 2.11 | B25: INYECTORES | C25: N/A | D25: N/A | E25: N/A
A26: 2.12 | B26: CAMBIO BOBINA DE ALTA | C26: 26891 | D26: =C26*0.19 -> 5109.29 | E26: =+C26+D26 -> 32000.29
B27: SUBTOTAL | C27: =SUM(C15:C26) -> 153781.76 | D27: =SUM(D15:D26) -> 29218.534 | E27: =SUM(E15:E26) -> 183000.29
A28: 3 | B28: MOTOR | C28: SUBTOTAL | D28: IVA | E28: PRECIO TOTAL
A29: 3.1 | B29: DIAGNOSTICO MOTOR | C29: 189915.97 | D29: =C29*0.19 -> 36084.034 | E29: =+C29+D29 -> 226000
A30: 3.2 | B30: REPARACION MOTOR A | C30: 452100.84 | D30: =C30*0.19 -> 85899.16 | E30: =+C30+D30 -> 538000
A31: 3.3 | B31: CAMBIO RETENEDOR BOMBA AGUA | C31: N/A | D31: N/A | E31: N/A
A32: 3.4 | B32: CAMBIO BOMBA ACEITE MOTOR | C32: 54621.849 | D32: =C32*0.19 -> 10378.151 | E32: =+C32+D32 -> 65000
A33: 3.5 | B33: CAMBIO CAUCHOS O SELLOS DE VALVULAS | C33: 81512.605 | D33: =C33*0.19 -> 15487.395 | E33: =+C33+D33 -> 97000
A34: 3.6 | B34: CAMBIO ACEITE Y FILTRO DE ACEITE | C34: 54621.849 | D34: =C34*0.19 -> 10378.151 | E34: =+C34+D34 -> 65000
A35: 3.7 | B35: MANTENIMIENTO BOMBA DE AGUA (INCLUYE CAMBIO DE ACEITE Y EMPAQUE TAPA EMBRAGUE) | C35: N/A | D35: N/A | E35: N/A
B36: SUBTOTAL | C36: =SUM(C29:C35) -> 832773.11 | D36: =SUM(D29:D35) -> 158226.89 | E36: =SUM(E29:E35) -> 991000
A37: 4 | B37: SISTEMA DE TRANSFERENCIA | C37: SUBTOTAL | D37: IVA | E37: PRECIO TOTAL
A38: 4.1 | B38: REPARACION CAJA VELOCIDADES( Motor B) | C38: 452100.84 | D38: =C38*0.19 -> 85899.16 | E38: =+C38+D38 -> 538000
A39: 4.2 | B39: CAMBIO EMBRAGUE | C39: 54621.849 | D39: =C39*0.19 -> 10378.151 | E39: =+C39+D39 -> 65000
A40: 4.3 | B40: CAMBIO EMPAQUE TAPA EMBRAGUE | C40: 22689.076 | D40: =C40*0.19 -> 4310.9244 | E40: =+C40+D40 -> 27000
A41: 4.4 | B41: CAMBIO DISCOS EMBRAGUE | C41: 45378.151 | D41: =C41*0.19 -> 8621.8487 | E41: =+C41+D41 -> 54000
A42: 4.5 | B42: CAMBIO MANIGUETA EMBRAGUE | C42: 7563.0252 | D42: =C42*0.19 -> 1436.9748 | E42: =+C42+D42 -> 9000
A43: 4.6 | B43: CAMBIO GUAYA EMBRAGUE | C43: 22689.076 | D43: =C43*0.19 -> 4310.9244 | E43: =+C43+D43 -> 27000
A44: 4.7 | B44: CAMBIO RETENEDOR PINON SALIDA | C44: 26890.756 | D44: =C44*0.19 -> 5109.2437 | E44: =+C44+D44 -> 32000
A45: 4.8 | B45: CAMBIO KIT ARRASTRE | C45: 72268.908 | D45: =C45*0.19 -> 13731.092 | E45: =+C45+D45 -> 86000
A46: 4.9 | B46: TENSIONAR Y LUBRICAR CADENA KIT ARRASTRE | C46: 15126.05 | D46: =C46*0.19 -> 2873.9496 | E46: =+C46+D46 -> 18000
A47: 4.10 | B47: CAMBIO MANDO EMBRAGUE | C47: 58823.529 | D47: =C47*0.19 -> 11176.471 | E47: =+C47+D47 -> 70000
A48: 4.11 | B48: CAMBIO RETENEDOR EJE DE SALIDA | C48: 26890.756 | D48: =C48*0.19 -> 5109.2437 | E48: =+C48+D48 -> 32000
A49: 4.12 | B49: CAMBIO PERA NEUTRO | C49: 49579.832 | D49: =C49*0.19 -> 9420.1681 | E49: =+C49+D49 -> 59000
... A52: 4.15 | B52: CAMBIO DE SELECTOR DE EMBRAGUE | C52: 452100.84 | D52: =C52*0.19 -> 85899.16 | E52: =+C52+D52 -> 538000
B53: SUBTOTAL | C53: =SUM(C38:C52) -> 1378991.6 | D53: =SUM(D38:D52) -> 262008.4 | E53: =SUM(E38:E52) -> 1641000
A54: 5 | B54: SISTEMA DE SUSPENSION | C54: SUBTOTAL | D54: IVA | E54: PRECIO TOTAL
A55: 5.1 | B55: CAMBIO RETENEDOR TELESCOPICCOS | C55: 58823.529 | D55: =C55*0.19 -> 11176.471 | E55: =+C55+D55 -> 70000
A56: 5.2 | B56: REVISION Y/O CAMBIO AMORTIGUADOR TRASERO | C56: 85714.286 | D56: =C56*0.19 -> 16285.714 | E56: =+C56+D56 -> 102000
A57: 5.3 | B57: CAMBIO BUJE AMORTIGUADOR TRASERO | C57: 45378.151 | D57: =C57*0.19 -> 8621.8487 | E57: =+C57+D57 -> 54000
A58: 5.4 | B58: GRADUAR AMORTIGUADOR TRASERO | C58: 22689.076 | D58: =C58*0.19 -> 4310.9244 | E58: =+C58+D58 -> 27000
A59: 5.5 | B59: CAMBIO EJE RUEDA DELANTERA | C59: 20168.067 | D59: =C59*0.19 -> 3831.9328 | E59: =+C59+D59 -> 24000
A60: 5.6 | B60: CAMBIO EJE RUEDA TRASERA | C60: 20168.067 | D60: =C60*0.19 -> 3831.9328 | E60: =+C60+D60 -> 24000
A61: 5.7 | B61: CAMBIO RODAMIENTO DELANTEROS | C61: 22689.076 | D61: =C61*0.19 -> 4310.9244 | E61: =+C61+D61 -> 27000
A62: 5.8 | B62: CAMBIO RODAMIENTO TRASEROS | C62: 26890.756 | D62: =C62*0.19 -> 5109.2437 | E62: =+C62+D62 -> 32000
A63: 5.9 | B63: ENGRASAR RODAMIENTOS DELANTEROS/TRASEROS | C63: 49579.832 | D63: =C63*0.19 -> 9420.1681 | E63: =+C63+D63 -> 59000
A64: 5.10 | B64: MANTENIMIENTO SUSPENSIÓN DELANTERA | C64: 117647.06 | D64: =C64*0.19 -> 22352.941 | E64: =+C64+D64 -> 140000
A65: 5.11 | B65: MANTENIMIENTO SUSPENSIÓN TRASERA | C65: 172268.91 | D65: =C65*0.19 -> 32731.092 | E65: =+C65+D65 -> 205000
A66: 5.12 | B66: CAMBIO COJINETES DE AGUJAS Y BUJES SUSPENSIÓN TRASERA | C66: 144537.82 | D66: =C66*0.19 -> 27462.185 | E66: =+C66+D66 -> 172000
B67: SUBTOTAL | C67: 785714.29 | D67: =SUM(D55:D66) -> 149445.38 | E67: =SUM(E55:E66) -> 936000
A68: 6 | B68: SISTEMA DE DIRECCION | C68: SUBTOTAL | D68: IVA | E68: PRECIO TOTAL
A69: 6.1 | B69: CAMBIAR CUNAS DIRECCION | C69: 121848.74 | D69: =C69*0.19 -> 23151.261 | E69: =+C69+D69 -> 145000
A70: 6.2 | B70: CENTRADO, COBALADO Y BALANCEADO DE RINES (INCLUYE EL ARME Y DESARME) | C70: 226050.42 | D70: =C70*0.19 -> 42949.58 | E70: =+C70+D70 -> 269000
B71: SUBTOTAL | C71: =SUM(C69:C70) -> 347899.16 | D71: =SUM(D69:D70) -> 66100.84 | E71: =SUM(E69:E70) -> 414000
A72: 7 | B72: SISTEMA DE FRENOS | C72: SUBTOTAL | D72: IVA | E72: PRECIO TOTAL
A73: 7.1 | B73: CAMBIAR PASTILLAS DELANTERAS | C73: 31932.773 | D73: =C73*0.19 -> 6067.2269 | E73: =+C73+D73 -> 38000
A74: 7.2 | B74: CAMBIAR PASTILLAS O BANDAS TRASERAS | C74: 31932.773 | D74: =C74*0.19 -> 6067.2269 | E74: =+C74+D74 -> 38000
A75: 7.3 | B75: CAMBIO BOMBA FRENOS | C75: 40336.134 | D75: =C75*0.19 -> 7663.8655 | E75: =+C75+D75 -> 48000
A76: 7.4 | B76: CAMBIO DISCO FRENO DELANTEROS | C76: 40336.134 | D76: =C76*0.19 -> 7663.8655 | E76: =+C76+D76 -> 48000
A77: 7.5 | B77: CAMBIO DISCO FRENO TRASEROS | C77: 40336.134 | D77: =C77*0.19 -> 7663.8655 | E77: =+C77+D77 -> 48000
A78: 7.6 | B78: CAMBIO MORDAZA | C78: 58823.529 | D78: =C78*0.19 -> 11176.471 | E78: =+C78+D78 -> 70000
A79: 7.7 | B79: CAMBIO GUAYA FRENO | C79: 58823.529 | D79: =C79*0.19 -> 11176.471 | E79: =+C79+D79 -> 70000
A80: 7.8 | B80: CAMBIO MANGUERA FRENO | C80: 58823.529 | D80: =C80*0.19 -> 11176.471 | E80: =+C80+D80 -> 70000
A81: 7.9 | B81: CAMBIO LIQUIDO FRENOS | C81: 58823.529 | D81: =C81*0.19 -> 11176.471 | E81: =+C81+D81 -> 70000
A82: 7.10 | B82: CAMBIO PERA PEDAL FRENO | C82: 31932.773 | D82: =C82*0.19 -> 6067.2269 | E82: =+C82+D82 -> 38000
A83: 7.11 | B83: CAMBIO MANIGUETA FRENO | C83: 15966.387 | D83: =C83*0.19 -> 3033.6134 | E83: =+C83+D83 -> 19000
A84: 7.12 | B84: CAMBIO PEDAL DE FRENO | C84: 31932.773 | D84: =C84*0.19 -> 6067.2269 | E84: =+C84+D84 -> 38000
A85: 7.13 | B85: CAMBIO SENSORES SISTEMA ABS | C85: N/A | D85: N/A | E85: N/A
A86: 7.14 | B86: CAMBIO PERA FRENO DELANTERO | C86: 18487.395 | D86: =C86*0.19 -> 3512.605 | E86: =+C86+D86 -> 22000
B87: SUBTOTAL | C87: =SUM(C73:C86) -> 518487.39 | D87: =SUM(D73:D86) -> 98512.605 | E87: =SUM(E73:E86) -> 617000
A88: 8 | B88: SISTEMA ELÉCTRICO | C88: SUBTOTAL | D88: IVA | E88: PRECIO TOTAL
A89: 8.1 | B89: DIAGNOSTICO GENERAL DE SISTEMA ELECTRICO Y ESCANER | C89: 216806.72 | D89: =C89*0.19 -> 41193.277 | E89: =+C89+D89 -> 258000
A90: 8.2 | B90: ARREGLO MOTOR DE ARRANQUE | C90: 172268.91 | D90: =C90*0.19 -> 32731.092 | E90: =+C90+D90 -> 205000
A91: 8.3 | B91: CAMBIO PITO | C91: 15966.387 | D91: =C91*0.19 -> 3033.6134 | E91: =+C91+D91 -> 19000
A92: 8.4 | B92: ARREGLO CONJUNTO SIRENA | C92: 126890.76 | D92: =C92*0.19 -> 24109.244 | E92: =+C92+D92 -> 151000
A93: 8.5 | B93: CAMBIO AUTOMATICO (ARRANQUE) | C93: 40336.134 | D93: =C93*0.19 -> 7663.8655 | E93: =+C93+D93 -> 48000
A94: 8.6 | B94: CAMBIAR MOTOR ARRANQUE | C94: 42857.143 | D94: =C94*0.19 -> 8142.8571 | E94: =+C94+D94 -> 51000
A95: 8.7 | B95: ARREGLO PLANTA DE LUCES STROBERT | C95: 72268.908 | D95: =C95*0.19 -> 13731.092 | E95: =+C95+D95 -> 86000
A96: 8.8 | B96: CAMBIO RAMAL PRINCIPAL | C96: 216806.72 | D96: =C96*0.19 -> 41193.277 | E96: =+C96+D96 -> 258000
A97: 8.9 | B97: CAMBIO RAMAL ADICIONAL | C97: 216806.72 | D97: =C97*0.19 -> 41193.277 | E97: =+C97+D97 -> 258000
A98: 8.10 | B98: CAMBIO RAMAL FAROLAS | C98: 216806.72 | D98: =C98*0.19 -> 41193.277 | E98: =+C98+D98 -> 258000
A99: 8.11 | B99: VERIFICAR SISTEMA DE CARGA | C99: 163025.21 | D99: =C99*0.19 -> 30974.79 | E99: =+C99+D99 -> 194000
A100: 8.12 | B100: VERIFICAR SISTEMA DE ILUMINACIÓN (INCLUYE STROBERT) | C100: 216806.72 | D100: =C100*0.19 -> 41193.277 | E100: =+C100+D100 -> 258000
... A105: 8.17 | B105: CAMBIO REGULADOR | C105: 31932.773 | D105: =C105*0.19 -> 6067.2269 | E105: =+C105+D105 -> 38000
B106: SUBTOTAL | C106: =SUM(C89:C105) -> 2107563 | D106: =SUM(D89:D105) -> 400436.97 | E106: =SUM(E89:E105) -> 2508000
A107: 9 | B107: SISTEMA DE REFRIGERACION | C107: SUBTOTAL | D107: IVA | E107: PRECIO TOTAL
...

Sheet REPUESTOS
A1: MANTENIMIENTO DE MOTOCICLETAS (REPUESTOS)
A2: DESCRIPCION | B2: YAMAHA XTZ 125 | E2: YAMAHA T115 | H2: HONDA ELITE 125 | K2: HONDA XR125/250 | N2: SUZUKI DR200 | Q2: SUZUKI GN-125
A4: SINCRONIZACIÓN | B4: SUBTOTAL | C4: IVA | D4: TOTAL | E4: SUBTOTAL | F4: IVA | G4: TOTAL | H4: SUBTOTAL | I4: IVA | J4: TOTAL | K4: SUBTOTAL | L4: IVA | M4: TOTAL | N4: SUBTOTAL | O4: IVA | P4: TOTAL | Q4: SUBTOTAL | R4: IVA | S4: TOTAL
A5: AGUJAS DEL CARBURADOR | B5: 62184.874 | C5: =B5*0.19 -> 11815.126 | D5: =+B5+C5 -> 74000 | E5: 38655.462 | F5: =E5*0.19 -> 7344.5378 | G5: =+E5+F5 -> 46000 | H5: 41176.471 | I5: =H5*0.19 -> 7823.5294 | J5: =+H5+I5 -> 49000 | K5: =M5/1.19 -> 47899.16 | L5: =K5*0.19 -> 9100.8403 | M5: 57000 | N5: =P5/1.19 -> 31932.773 | O5: =N5*0.19 -> 6067.2269 | P5: 38000 | Q5: =S5/1.19 -> 28571.429 | R5: =Q5*0.19 -> 5428.5714 | S5: 34000
A6: BASE Y PUNZON | B6: 68907.563 | C6: =B6*0.19 -> 13092.437 | D6: =+B6+C6 -> 82000 | E6: 60504.202 | F6: =E6*0.19 -> 11495.798 | G6: =+E6+F6 -> 72000 | H6: 55462.185 | I6: =H6*0.19 -> 10537.815 | J6: =+H6+I6 -> 66000 | K6: =M6/1.19 -> 125210.08 | L6: =K6*0.19 -> 23789.916 | M6: 149000 | N6: =P6/1.19 -> 88235.294 | O6: =N6*0.19 -> 16764.706 | P6: 105000 | Q6: =S6/1.19 -> 80672.269 | R6: =Q6*0.19 -> 15327.731 | S6: 96000
A7: BUJIA | B7: 25210.084 | C7: =B7*0.19 -> 4789.916 | D7: =+B7+C7 -> 30000 | E7: 22689.076 | F7: =E7*0.19 -> 4310.9244 | G7: =+E7+F7 -> 27000 | H7: 21008.403 | I7: =H7*0.19 -> 3991.5966 | J7: =+H7+I7 -> 25000 | K7: =M7/1.19 -> 25210.084 | L7: =K7*0.19 -> 4789.916 | M7: 30000 | N7: =P7/1.19 -> 18487.395 | O7: =N7*0.19 -> 3512.605 | P7: 22000 | Q7: =S7/1.19 -> 16806.723 | R7: =Q7*0.19 -> 3193.2773 | S7: 20000
A8: CHICLER DE ALTA | B8: 68907.563 | C8: =B8*0.19 -> 13092.437 | D8: =+B8+C8 -> 82000 | E8: 60504.202 | F8: =E8*0.19 -> 11495.798 | G8: =+E8+F8 -> 72000 | H8: 28571.429 | I8: =H8*0.19 -> 5428.5714 | J8: =+H8+I8 -> 34000 | K8: =M8/1.19 -> 57142.857 | L8: =K8*0.19 -> 10857.143 | M8: 68000 | N8: =P8/1.19 -> 40336.134 | O8: =N8*0.19 -> 7663.8655 | P8: 48000 | Q8: =S8/1.19 -> 36974.79 | R8: =Q8*0.19 -> 7025.2101 | S8: 44000
A9: CHICLER DE MINIMA | B9: 57983.193 | C9: =B9*0.19 -> 11016.807 | D9: =+B9+C9 -> 69000 | E9: 43697.479 | F9: =E9*0.19 -> 8302.521 | G9: =+E9+F9 -> 52000 | H9: 18487.395 | I9: =H9*0.19 -> 3512.605 | J9: =+H9+I9 -> 22000 | K9: =M9/1.19 -> 55462.185 | L9: =K9*0.19 -> 10537.815 | M9: 66000 | N9: =P9/1.19 -> 38655.462 | O9: =N9*0.19 -> 7344.5378 | P9: 46000 | Q9: =S9/1.19 -> 35294.118 | R9: =Q9*0.19 -> 6705.8824 | S9: 42000
A10: COMANDO ACELERADOR | B10: 40336.134 | C10: =B10*0.19 -> 7663.8655 | D10: =+B10+C10 -> 48000 | E10: 30252.101 | F10: =E10*0.19 -> 5747.8992 | G10: =+E10+F10 -> 36000 | H10: 38655.462 | I10: =H10*0.19 -> 7344.5378 | J10: =+H10+I10 -> 46000 | K10: =M10/1.19 -> 81512.605 | L10: =K10*0.19 -> 15487.395 | M10: 97000 | N10: =P10/1.19 -> 57983.193 | O10: =N10*0.19 -> 11016.807 | P10: 69000 | Q10: =S10/1.19 -> 52941.176 | R10: =Q10*0.19 -> 10058.824 | S10: 63000
A11: CORTINA DEL CARBURADOR | B11: 68907.563 | C11: =B11*0.19 -> 13092.437 | D11: =+B11+C11 -> 82000 | E11: 60504.202 | F11: =E11*0.19 -> 11495.798 | G11: =+E11+F11 -> 72000 | H11: 158823.53 | I11: =H11*0.19 -> 30176.471 | J11: =+H11+I11 -> 189000 | K11: =M11/1.19 -> 185714.29 | L11: =K11*0.19 -> 35285.714 | M11: 221000 | N11: =P11/1.19 -> 287394.96 | O11: =N11*0.19 -> 54605.042 | P11: 342000 | Q11: =S11/1.19 -> 317647.06 | R11: =Q11*0.19 -> 60352.941 | S11: 378000
A12: FILTRO DE AIRE | B12: 36134.454 | C12: =B12*0.19 -> 6865.5462 | D12: =+B12+C12 -> 43000 | E12: 37815.126 | F12: =E12*0.19 -> 7184.8739 | G12: =+E12+F12 -> 45000 | H12: 54621.849 | I12: =H12*0.19 -> 10378.151 | J12: =+H12+I12 -> 65000 | K12: =M12/1.19 -> 116806.72 | L12: =K12*0.19 -> 22193.277 | M12: 139000 | N12: =P12/1.19 -> 82352.941 | O12: =N12*0.19 -> 15647.059 | P12: 98000 | Q12: =S12/1.19 -> 74789.916 | R12: =Q12*0.19 -> 14210.084 | S12: 89000
A13: FILTRO COMBUSTIBLE | B13: 26890.756 | C13: =B13*0.19 -> 5109.2437 | D13: =+B13+C13 -> 32000 | E13: 23529.412 | F13: =E13*0.19 -> 4470.5882 | G13: =+E13+F13 -> 28000 | H13: 13445.378 | I13: =H13*0.19 -> 2554.6218 | J13: =+H13+I13 -> 16000 | K13: =M13/1.19 -> 15126.05 | L13: =K13*0.19 -> 2873.9496 | M13: 18000 | N13: =P13/1.19 -> 10924.37 | O13: =N13*0.19 -> 2075.6303 | P13: 13000 | Q13: =S13/1.19 -> 10084.034 | R13: =Q13*0.19 -> 1915.9664 | S13: 12000
A14: GUAYA ACELERADOR | B14: 58823.529 | C14: =B14*0.19 -> 11176.471 | D14: =+B14+C14 -> 70000 | E14: 75630.252 | F14: =E14*0.19 -> 14369.748 | G14: =+E14+F14 -> 90000 | H14: 49579.832 | I14: =H14*0.19 -> 9420.1681 | J14: =+H14+I14 -> 59000 | K14: =M14/1.19 -> 68067.227 | L14: =K14*0.19 -> 12932.773 | M14: 81000 | N14: =P14/1.19 -> 68067.227 | O14: =N14*0.19 -> 12932.773 | P14: 81000 | Q14: =S14/1.19 -> 61344.538 | R14: =Q14*0.19 -> 11655.462 | S14: 73000
A15: GUAYA CHOQUE | B15: 29411.765 | C15: =B15*0.19 -> 5588.2353 | D15: =+B15+C15 -> 35000 | E15: 21848.739 | F15: =E15*0.19 -> 4151.2605 | G15: =+E15+F15 -> 26000 | H15: N/A | I15: N/A | J15: N/A | K15: N/A | L15: N/A | M15: N/A | N15: N/A | O15: N/A | P15: N/A | Q15: N/A | R15: N/A | S15: N/A
A16: PULVERIZADOR | B16: 87394.958 | C16: =B16*0.19 -> 16605.042 | D16: =+B16+C16 -> 104000 | E16: 65546.218 | F16: =E16*0.19 -> 12453.782 | G16: =+E16+F16 -> 78000 | H16: 76470.588 | I16: =H16*0.19 -> 14529.412 | J16: =+H16+I16 -> 91000 | K16: =M16/1.19 -> 94957.983 | L16: =K16*0.19 -> 18042.017 | M16: 113000 | N16: =P16/1.19 -> 67226.891 | O16: =N16*0.19 -> 12773.109 | P16: 80000 | Q16: =S16/1.19 -> 60504.202 | R16: =Q16*0.19 -> 11495.798 | S16: 72000
A17: TENSOR GUAYA ACELERADOR | B17: N/A | C17: N/A | D17: N/A | E17: N/A | F17: N/A | G17: N/A | H17: N/A | I17: N/A | J17: N/A | K17: N/A | L17: N/A | M17: N/A | N17: N/A | O17: N/A | P17: N/A | Q17: N/A | R17: N/A | S17: N/A
A18: DIAFRAGMA CARBURADOR | B18: 105882.35 | C18: =B18*0.19 -> 20117.647 | D18: =+B18+C18 -> 126000 | E18: 91596.639 | F18: =E18*0.19 -> 17403.361 | G18: =+E18+F18 -> 109000 | H18: 67226.891 | I18: =H18*0.19 -> 12773.109 | J18: =+H18+I18 -> 80000 | K18: =M18/1.19 -> 294957.98 | L18: =K18*0.19 -> 56042.017 | M18: 351000 | N18: =P18/1.19 -> 338655.46 | O18: =N18*0.19 -> 64344.538 | P18: 403000 | Q18: =S18/1.19 -> 307563.03 | R18: =Q18*0.19 -> 58436.975 | S18: 366000
A19: LLAVE PASO COMBUSTIBLE | B19: 136134.45 | C19: =B19*0.19 -> 25865.546 | D19: =+B19+C19 -> 162000 | E19: 118487.39 | F19: =E19*0.19 -> 22512.605 | G19: =+E19+F19 -> 141000 | H19: N/A | I19: N/A | J19: N/A | K19: =M19/1.19 -> 234453.78 | L19: =K19*0.19 -> 44546.218 | M19: 279000 | N19: =P19/1.19 -> 247899.16 | O19: =N19*0.19 -> 47100.84 | P19: 295000 | Q19: =S19/1.19 -> 225210.08 | R19: =Q19*0.19 -> 42789.916 | S19: 268000
A20: CARRETEL ACELERADOR | B20: 32773.109 | C20: =B20*0.19 -> 6226.8908 | D20: =+B20+C20 -> 39000 | E20: 28571.429 | F20: =E20*0.19 -> 5428.5714 | G20: =+E20+F20 -> 34000 | H20: 71428.571 | I20: =H20*0.19 -> 13571.429 | J20: =+H20+I20 -> 85000 | K20: =M20/1.19 -> 144537.82 | L20: =K20*0.19 -> 27462.185 | M20: 172000 | N20: =P20/1.19 -> 128571.43 | O20: =N20*0.19 -> 24428.571 | P20: 153000 | Q20: =S20/1.19 -> 152100.84 | R20: =Q20*0.19 -> 28899.16 | S20: 181000
A21: RESORTE | B21: 14285.714 | C21: =B21*0.19 -> 2714.2857 | D21: =+B21+C21 -> 17000 | E21: 10924.37 | F21: =E21*0.19 -> 2075.6303 | G21: =+E21+F21 -> 13000 | H21: 15126.05 | I21: =H21*0.19 -> 2873.9496 | J21: =+H21+I21 -> 18000 | K21: =M21/1.19 -> 19327.731 | L21: =K21*0.19 -> 3672.2689 | M21: 23000 | N21: =P21/1.19 -> 13445.378 | O21: =N21*0.19 -> 2554.6218 | P21: 16000 | Q21: =S21/1.19 -> 12605.042 | R21: =Q21*0.19 -> 2394.958 | S21: 15000
A22: MANGUERA LLAVE PASO COMBUSTIBLE | B22: 10924.37 | C22: =B22*0.19 -> 2075.6303 | D22: =+B22+C22 -> 13000 | E22: 10084.034 | F22: =E22*0.19 -> 1915.9664 | G22: =+E22+F22 -> 12000 | H22: 21008.403 | I22: =H22*0.19 -> 3991.5966 | J22: =+H22+I22 -> 25000 | K22: =M22/1.19 -> 25210.084 | L22: =K22*0.19 -> 4789.916 | M22: 30000 | N22: =P22/1.19 -> 18487.395 | O22: =N22*0.19 -> 3512.605 | P22: 22000 | Q22: =S22/1.19 -> 16806.723 | R22: =Q22*0.19 -> 3193.2773 | S22: 20000
A23: MANGUERA ADMISION | B23: 62184.874 | C23: =B23*0.19 -> 11815.126 | D23: =+B23+C23 -> 74000 | E23: 53781.513 | F23: =E23*0.19 -> 10218.487 | G23: =+E23+F23 -> 64000 | H23: 38655.462 | I23: =H23*0.19 -> 7344.5378 | J23: =+H23+I23 -> 46000 | K23: =M23/1.19 -> 47058.824 | L23: =K23*0.19 -> 8941.1765 | M23: 56000 | N23: =P23/1.19 -> 33613.445 | O23: =N23*0.19 -> 6386.5546 | P23: 40000 | Q23: =S23/1.19 -> 30252.101 | R23: =Q23*0.19 -> 5747.8992 | S23: 36000
A24: BASE PULVERIZADOR | B24: 46218.487 | C24: =B24*0.19 -> 8781.5126 | D24: =+B24+C24 -> 55000 | E24: 40336.134 | F24: =E24*0.19 -> 7663.8655 | G24: =+E24+F24 -> 48000 | H24: 75630.252 | I24: =H24*0.19 -> 14369.748 | J24: =+H24+I24 -> 90000 | K24: =M24/1.19 -> 94957.983 | L24: =K24*0.19 -> 18042.017 | M24: 113000 | N24: =P24/1.19 -> 67226.891 | O24: =N24*0.19 -> 12773.109 | P24: 80000 | Q24: =S24/1.19 -> 60504.202 | R24: =Q24*0.19 -> 11495.798 | S24: 72000
A25: SURTIDOR | B25: 68907.563 | C25: =B25*0.19 -> 13092.437 | D25: =+B25+C25 -> 82000 | E25: 60504.202 | F25: =E25*0.19 -> 11495.798 | G25: =+E25+F25 -> 72000 | H25: 46218.487 | I25: =H25*0.19 -> 8781.5126 | J25: =+H25+I25 -> 55000 | K25: =M25/1.19 -> 57142.857 | L25: =K25*0.19 -> 10857.143 | M25: 68000 | N25: =P25/1.19 -> 40336.134 | O25: =N25*0.19 -> 7663.8655 | P25: 48000 | Q25: =S25/1.19 -> 36974.79 | R25: =Q25*0.19 -> 7025.2101 | S25: 44000
A26: KIT CARBURADOR | B26: 327731.09 | C26: =B26*0.19 -> 62268.908 | D26: =+B26+C26 -> 390000 | E26: 246218.49 | F26: =E26*0.19 -> 46781.513 | G26: =+E26+F26 -> 293000 | H26: 199159.66 | I26: =H26*0.19 -> 37840.336 | J26: =+H26+I26 -> 237000 | K26: =M26/1.19 -> 173109.24 | L26: =K26*0.19 -> 32890.756 | M26: 206000 | N26: =P26/1.19 -> 252941.18 | O26: =N26*0.19 -> 48058.824 | P26: 301000 | Q26: =S26/1.19 -> 230252.1 | R26: =Q26*0.19 -> 43747.899 | S26: 274000
A27: DIFUSOR | B27: N/A | C27: N/A | D27: N/A | E27: N/A | F27: N/A | G27: N/A | H27: N/A | I27: N/A | J27: N/A | K27: N/A | L27: N/A | M27: N/A | N27: N/A | O27: N/A | P27: N/A | Q27: N/A | R27: N/A | S27: N/A
A28: PASTAS DESLIZANTES | B28: N/A | C28: N/A | D28: N/A | E28: 56303 | F28: =E28*0.19 -> 10697.57 | G28: =+E28+F28 -> 67000.57 | H28: 63025.21 | I28: =H28*0.19 -> 11974.79 | J28: =+H28+I28 -> 75000 | K28: =M28/1.19 -> 78991.597 | L28: =K28*0.19 -> 15008.403 | M28: 94000 | N28: =P28/1.19 -> 56302.521 | O28: =N28*0.19 -> 10697.479 | P28: 67000 | Q28: =S28/1.19 -> 51260.504 | R28: =Q28*0.19 -> 9739.4958 | S28: 61000
A29: BOMBA COMBUSTIBLE | B29: N/A | C29: N/A | D29: N/A | E29: N/A | F29: N/A | G29: N/A | H29: N/A | I29: N/A | J29: N/A | K29: N/A | L29: N/A | M29: N/A | N29: N/A | O29: N/A | P29: N/A | Q29: N/A | R29: N/A | S29: N/A
A30: EMPAQUE CARBURADOR | B30: 25210 | C30: =B30*0.19 -> 4789.9 | D30: =+B30+C30 -> 29999.9 | E30: 22689.076 | F30: =E30*0.19 -> 4310.9244 | G30: =+E30+F30 -> 27000 | H30: 30252.101 | I30: =H30*0.19 -> 5747.8992 | J30: =+H30+I30 -> 36000 | K30: =M30/1.19 -> 37815.126 | L30: =K30*0.19 -> 7184.8739 | M30: 45000 | N30: =P30/1.19 -> 26890.756 | O30: =N30*0.19 -> 5109.2437 | P30: 32000 | Q30: =S30/1.19 -> 22689.076 | R30: =Q30*0.19 -> 4310.9244 | S30: 27000
A31: CAUCHO O EMPAQUE CONECTOR CARBURADOR | B31: 62184.874 | C31: =B31*0.19 -> 11815.126 | D31: =+B31+C31 -> 74000 | E31: 53781.513 | F31: =E31*0.19 -> 10218.487 | G31: =+E31+F31 -> 64000 | H31: 38655.462 | I31: =H31*0.19 -> 7344.5378 | J31: =+H31+I31 -> 46000 | K31: =M31/1.19 -> 47058.824 | L31: =K31*0.19 -> 8941.1765 | M31: 56000 | N31: =P31/1.19 -> 33613.445 | O31: =N31*0.19 -> 6386.5546 | P31: 40000 | Q31: =S31/1.19 -> 30252.101 | R31: =Q31*0.19 -> 5747.8992 | S31: 36000
A32: FLOTADOR CARBURADOR | B32: 87394.958 | C32: =B32*0.19 -> 16605.042 | D32: =+B32+C32 -> 104000 | E32: 65546.218 | F32: =E32*0.19 -> 12453.782 | G32: =+E32+F32 -> 78000 | H32: 52100.84 | I32: =H32*0.19 -> 9899.1597 | J32: =+H32+I32 -> 62000 | K32: =M32/1.19 -> 107563.03 | L32: =K32*0.19 -> 20436.975 | M32: 128000 | N32: =P32/1.19 -> 75630.252 | O32: =N32*0.19 -> 14369.748 | P32: 90000 | Q32: =S32/1.19 -> 68907.563 | R32: =Q32*0.19 -> 13092.437 | S32: 82000
A33: INYECTOR | B33: N/A | C33: N/A | D33: N/A | E33: N/A | F33: N/A | G33: N/A | H33: N/A | I33: N/A | J33: N/A | K33: N/A | L33: N/A | M33: N/A | N33: N/A | O33: N/A | P33: N/A | Q33: N/A | R33: N/A | S33: N/A
A34: GUAYA CHOKE | B34: 32773.109 | C34: =B34*0.19 -> 6226.8908 | D34: =+B34+C34 -> 39000 | E34: 28571.429 | F34: =E34*0.19 -> 5428.5714 | G34: =+E34+F34 -> 34000 | H34: N/A | I34: N/A | J34: N/A | K34: N/A | L34: N/A | M34: N/A | N34: N/A | O34: N/A | P34: N/A | Q34: N/A | R34: N/A | S34: N/A
A35: CHOKE | B35: 89075.63 | C35: =B35*0.19 -> 16924.37 | D35: =+B35+C35 -> 106000 | E35: 76470.588 | F35: =E35*0.19 -> 14529.412 | G35: =+E35+F35 -> 91000 | H35: 57983.193 | I35: =H35*0.19 -> 11016.807 | J35: =+H35+I35 -> 69000 | K35: N/A | L35: N/A | M35: N/A | N35: N/A | O35: N/A | P35: N/A | Q35: N/A | R35: N/A | S35: N/A
A36: SUBTOTAL | B36: =SUM(B5:B35) -> 1732773 | C36: =SUM(C5:C35) -> 329226.87 | D36: =SUM(D5:D35) -> 2061999.9 | E36: =SUM(E5:E35) -> 1505042.5 | F36: =SUM(F5:F35) -> 285958.07 | G36: =SUM(G5:G35) -> 1791000.6 | H36: =SUM(H5:H35) -> 1332773.1 | I36: =SUM(I5:I35) -> 253226.89 | ... S36: =SUM(S5:S35) -> 2405000
A37: MOTOR
A38: MOTOR COMPLETO | B38: N/A | C38: N/A | D38: N/A | E38: N/A | F38: N/A | G38: N/A | H38: N/A | I38: N/A | J38: N/A | K38: N/A | L38: N/A | M38: N/A | N38: N/A | O38: N/A | P38: N/A | Q38: N/A | R38: N/A | S38: N/A
A39: BLOQUE | B39: 818487.39 | C39: =B39*0.19 -> 155512.61 | D39: =+B39+C39 -> 974000 | E39: 614285.71 | F39: =E39*0.19 -> 116714.29 | G39: =+E39+F39 -> 731000 | H39: 1073109.2 | I39: =H39*0.19 -> 203890.76 | J39: =+H39+I39 -> 1277000 | K39: =M39/1.19 -> 1338655.5 | L39: =K39*0.19 -> 254344.54 | M39: 1593000 | N39: =P39/1.19 -> 1188235.3 | O39: =N39*0.19 -> 225764.71 | P39: 1414000 | Q39: =S39/1.19 -> 1200840.3 | R39: =Q39*0.19 -> 228159.66 | S39: 1429000
A40: CIGUEÑAL | B40: 400000 | C40: =B40*0.19 -> 76000 | D40: =+B40+C40 -> 476000 | E40: 300000 | F40: =E40*0.19 -> 57000 | G40: =+E40+F40 -> 357000 | H40: 619327.73 | I40: =H40*0.19 -> 117672.27 | J40: =+H40+I40 -> 737000 | K40: =M40/1.19 -> 773109.24 | L40: =K40*0.19 -> 146890.76 | M40: 920000 | N40: =P40/1.19 -> 723529.41 | O40: =N40*0.19 -> 137470.59 | P40: 861000 | Q40: =S40/1.19 -> 917647.06 | R40: =Q40*0.19 -> 174352.94 | S40: 1092000
A41: CULATA | B41: 324369.75 | C41: =B41*0.19 -> 61630.252 | D41: =+B41+C41 -> 386000 | E41: 856302.52 | F41: =E41*0.19 -> 162697.48 | G41: =+E41+F41 -> 1019000 | H41: 619327.73 | I41: =H41*0.19 -> 117672.27 | J41: =+H41+I41 -> 737000 | K41: =M41/1.19 -> 773109.24 | L41: =K41*0.19 -> 146890.76 | M41: 920000 | N41: =P41/1.19 -> 768907.56 | O41: =N41*0.19 -> 146092.44 | P41: 915000 | Q41: =S41/1.19 -> 685714.29 | R41: =Q41*0.19 -> 130285.71 | S41: 816000
A42: KIT PISTON | B42: 136134.45 | C42: =B42*0.19 -> 25865.546 | D42: =+B42+C42 -> 162000 | E42: 102521.01 | F42: =E42*0.19 -> 19478.992 | G42: =+E42+F42 -> 122000 | H42: 244537.82 | I42: =H42*0.19 -> 46462.185 | J42: =+H42+I42 -> 291000 | K42: =M42/1.19 -> 305882.35 | L42: =K42*0.19 -> 58117.647 | M42: 364000 | N42: =P42/1.19 -> 271428.57 | O42: =N42*0.19 -> 51571.429 | P42: 323000 | Q42: =S42/1.19 -> 273949.58 | R42: =Q42*0.19 -> 52050.42 | S42: 326000
A43: JUEGO BALANCINES A/E | B43: 61344.538 | C43: =B43*0.19 -> 11655.462 | D43: =+B43+C43 -> 73000 | E43: 116806.72 | F43: =E43*0.19 -> 22193.277 | G43: =+E43+F43 -> 139000 | H43: 184033.61 | I43: =H43*0.19 -> 34966.387 | J43: =+H43+I43 -> 219000 | K43: =M43/1.19 -> 183193.28 | L43: =K43*0.19 -> 34806.723 | M43: 218000 | N43: =P43/1.19 -> 163025.21 | O43: =N43*0.19 -> 30974.79 | P43: 194000 | Q43: =S43/1.19 -> 164705.88 | R43: =Q43*0.19 -> 31294.118 | S43: 196000
A44: JUEGO PASADOR BALANCINES A/E | B44: 61344.538 | C44: =B44*0.19 -> 11655.462 | D44: =+B44+C44 -> 73000 | E44: 70588.235 | F44: =E44*0.19 -> 13411.765 | G44: =+E44+F44 -> 84000 | H44: 55462.185 | I44: =H44*0.19 -> 10537.815 | J44: =+H44+I44 -> 66000 | K44: =M44/1.19 -> 39495.798 | L44: =K44*0.19 -> 7504.2017 | M44: 47000 | N44: =P44/1.19 -> 34453.782 | O44: =N44*0.19 -> 6546.2185 | P44: 41000 | Q44: =S44/1.19 -> 34453.782 | R44: =Q44*0.19 -> 6546.2185 | S44: 41000
A45: KIT BIELA | B45: 223529.41 | C45: =B45*0.19 -> 42470.588 | D45: =+B45+C45 -> 266000 | E45: 288235.29 | F45: =E45*0.19 -> 54764.706 | G45: =+E45+F45 -> 343000 | H45: 359663.87 | I45: =H45*0.19 -> 68336.134 | J45: =+H45+I45 -> 428000 | K45: =M45/1.19 -> 358823.53 | L45: =K45*0.19 -> 68176.471 | M45: 427000 | N45: =P45/1.19 -> 318487.39 | O45: =N45*0.19 -> 60512.605 | P45: 379000 | Q45: =S45/1.19 -> 321848.74 | R45: =Q45*0.19 -> 61151.261 | S45: 383000
A46: BOMBA ACEITE MOTOR | B46: 68067.227 | C46: =B46*0.19 -> 12932.773 | D46: =+B46+C46 -> 81000 | E46: 51260.504 | F46: =E46*0.19 -> 9739.4958 | G46: =+E46+F46 -> 61000 | H46: 231932.77 | I46: =H46*0.19 -> 44067.227 | J46: =+H46+I46 -> 276000 | K46: =M46/1.19 -> 231092.44 | L46: =K46*0.19 -> 43907.563 | M46: 275000 | N46: =P46/1.19 -> 205042.02 | O46: =N46*0.19 -> 38957.983 | P46: 244000 | Q46: =S46/1.19 -> 207563.03 | R46: =Q46*0.19 -> 39436.975 | S46: 247000
A47: BUJES EJE LEVAS | B47: 54621.849 | C47: =B47*0.19 -> 10378.151 | D47: =+B47+C47 -> 65000 | E47: 41176.471 | F47: =E47*0.19 -> 7823.5294 | G47: =+E47+F47 -> 49000 | H47: N/A | I47: N/A | J47: N/A | K47: N/A | L47: N/A | M47: N/A | N47: N/A | O47: N/A | P47: N/A | Q47: N/A | R47: N/A | S47: N/A
A48: BUJES BALANCIN | B48: 78991.597 | C48: =B48*0.19 -> 15008.403 | D48: =+B48+C48 -> 94000 | E48: 66386.555 | F48: =E48*0.19 -> 12613.445 | G48: =+E48+F48 -> 79000 | H48: 79831.933 | I48: =H48*0.19 -> 15168.067 | J48: =+H48+I48 -> 95000 | K48: =M48/1.19 -> 78151.261 | L48: =K48*0.19 -> 14848.739 | M48: 93000 | N48: =P48/1.19 -> 68907.563 | O48: =N48*0.19 -> 13092.437 | P48: 82000 | Q48: =S48/1.19 -> 69747.899 | R48: =Q48*0.19 -> 13252.101 | S48: 83000
A49: CADENILLA | B49: 130252.1 | C49: =B49*0.19 -> 24747.899 | D49: =+B49+C49 -> 155000 | E49: 110084.03 | F49: =E49*0.19 -> 20915.966 | G49: =+E49+F49 -> 131000 | H49: 184033.61 | I49: =H49*0.19 -> 34966.387 | J49: =+H49+I49 -> 219000 | K49: =M49/1.19 -> 183193.28 | L49: =K49*0.19 -> 34806.723 | M49: 218000 | N49: =P49/1.19 -> 163025.21 | O49: =N49*0.19 -> 30974.79 | P49: 194000 | Q49: =S49/1.19 -> 164705.88 | R49: =Q49*0.19 -> 31294.118 | S49: 196000
A50: CAUCHO DE ADMISION | B50: 77310.924 | C50: =B50*0.19 -> 14689.076 | D50: =+B50+C50 -> 92000 | E50: 53781.513 | F50: =E50*0.19 -> 10218.487 | G50: =+E50+F50 -> 64000 | H50: 38655.462 | I50: =H50*0.19 -> 7344.5378 | J50: =+H50+I50 -> 46000 | K50: =M50/1.19 -> 66386.555 | L50: =K50*0.19 -> 12613.445 | M50: 79000 | N50: =P50/1.19 -> 58823.529 | O50: =N50*0.19 -> 11176.471 | P50: 70000 | Q50: =S50/1.19 -> 59663.866 | R50: =Q50*0.19 -> 11336.134 | S50: 71000
A51: CILINDRO MOTOR | B51: 1009243.7 | C51: =B51*0.19 -> 191756.3 | D51: =+B51+C51 -> 1201000 | E51: 757983.19 | F51: =E51*0.19 -> 144016.81 | G51: =+E51+F51 -> 902000 | H51: 1073109.2 | I51: =H51*0.19 -> 203890.76 | J51: =+H51+I51 -> 1277000 | K51: =M51/1.19 -> 1338655.5 | L51: =K51*0.19 -> 254344.54 | M51: 1593000 | N51: =P51/1.19 -> 1188235.3 | O51: =N51*0.19 -> 225764.71 | P51: 1414000 | Q51: =S51/1.19 -> 1200840.3 | R51: =Q51*0.19 -> 228159.66 | S51: 1429000
A52: EJE DE LEVAS | B52: 382352.94 | C52: =B52*0.19 -> 72647.059 | D52: =+B52+C52 -> 455000 | E52: 287394.96 | F52: =E52*0.19 -> 54605.042 | G52: =+E52+F52 -> 342000 | H52: 368067.23 | I52: =H52*0.19 -> 69932.773 | J52: =+H52+I52 -> 438000 | K52: =M52/1.19 -> 264705.88 | L52: =K52*0.19 -> 50294.118 | M52: 315000 | N52: =P52/1.19 -> 235294.12 | O52: =N52*0.19 -> 44705.882 | P52: 280000 | Q52: =S52/1.19 -> 329411.76 | R52: =Q52*0.19 -> 62588.235 | S52: 392000
A53: EMPAQUE CABEZA DE FUERZA | B53: 90756.303 | C53: =B53*0.19 -> 17243.697 | D53: =+B53+C53 -> 108000 | E53: 68067.227 | F53: =E53*0.19 -> 12932.773 | G53: =+E53+F53 -> 81000 | H53: 117647.06 | I53: =H53*0.19 -> 22352.941 | J53: =+H53+I53 -> 140000 | K53: =M53/1.19 -> 116806.72 | L53: =K53*0.19 -> 22193.277 | M53: 139000 | N53: =P53/1.19 -> 104201.68 | O53: =N53*0.19 -> 19798.319 | P53: 124000 | Q53: =S53/1.19 -> 105042.02 | R53: =Q53*0.19 -> 19957.983 | S53: 125000
A54: EMPAQUE CARTER | B54: N/A | C54: N/A | D54: N/A | E54: N/A | F54: N/A | G54: N/A | H54: N/A | I54: N/A | J54: N/A | K54: =M54/1.19 -> 20168.067 | L54: =K54*0.19 -> 3831.9328 | M54: 24000 | N54: =P54/1.19 -> 18487.395 | O54: =N54*0.19 -> 3512.605 | P54: 22000 | Q54: =S54/1.19 -> 18487.395 | R54: =Q54*0.19 -> 3512.605 | S54: 22000
A55: EMPAQUE CILINDRO | B55: 45378.151 | C55: =B55*0.19 -> 8621.8487 | D55: =+B55+C55 -> 54000 | E55: 34453.782 | F55: =E55*0.19 -> 6546.2185 | G55: =+E55+F55 -> 41000 | H55: 31092.437 | I55: =H55*0.19 -> 5907.563 | J55: =+H55+I55 -> 37000 | K55: =M55/1.19 -> 30252.101 | L55: =K55*0.19 -> 5747.8992 | M55: 36000 | N55: =P55/1.19 -> 26890.756 | O55: =N55*0.19 -> 5109.2437 | P55: 32000 | Q55: =S55/1.19 -> 27731.092 | R55: =Q55*0.19 -> 5268.9076 | S55: 33000
A56: EMPAQUE CULATA | B56: 50420.168 | C56: =B56*0.19 -> 9579.8319 | D56: =+B56+C56 -> 60000 | E56: 35294.118 | F56: =E56*0.19 -> 6705.8824 | G56: =+E56+F56 -> 42000 | H56: 36134.454 | I56: =H56*0.19 -> 6865.5462 | J56: =+H56+I56 -> 43000 | K56: =M56/1.19 -> 35294.118 | L56: =K56*0.19 -> 6705.8824 | M56: 42000 | N56: =P56/1.19 -> 31932.773 | O56: =N56*0.19 -> 6067.2269 | P56: 38000 | Q56: =S56/1.19 -> 31932.773 | R56: =Q56*0.19 -> 6067.2269 | S56: 38000
A57: EMPAQUE CULATIN | B57: N/A | C57: N/A | D57: N/A | E57: N/A | F57: N/A | G57: N/A | H57: N/A | I57: N/A | J57: N/A | K57: =M57/1.19 -> 61344.538 | L57: =K57*0.19 -> 11655.462 | M57: 73000 | N57: =P57/1.19 -> 18487.395 | O57: =N57*0.19 -> 3512.605 | P57: 22000 | Q57: =S57/1.19 -> 18487.395 | R57: =Q57*0.19 -> 3512.605 | S57: 22000
A58: EMPAQUE TAPA VOLANTE | B58: 22689.076 | C58: =B58*0.19 -> 4310.9244 | D58: =+B58+C58 -> 27000 | E58: 15966.387 | F58: =E58*0.19 -> 3033.6134 | G58: =+E58+F58 -> 19000 | H58: 49579.832 | I58: =H58*0.19 -> 9420.1681 | J58: =+H58+I58 -> 59000 | K58: =M58/1.19 -> 48739.496 | L58: =K58*0.19 -> 9260.5042 | M58: 58000 | N58: =P58/1.19 -> 21848.739 | O58: =N58*0.19 -> 4151.2605 | P58: 26000 | Q58: =S58/1.19 -> 21848.739 | R58: =Q58*0.19 -> 4151.2605 | S58: 26000
A59: EMPAQUE TENSOR CADENILLA | B59: 18487.395 | C59: =B59*0.19 -> 3512.605 | D59: =+B59+C59 -> 22000 | E59: 14285.714 | F59: =E59*0.19 -> 2714.2857 | G59: =+E59+F59 -> 17000 | H59: 8403.3613 | I59: =H59*0.19 -> 1596.6387 | J59: =+H59+I59 -> 10000 | K59: =M59/1.19 -> 10924.37 | L59: =K59*0.19 -> 2075.6303 | M59: 13000 | N59: =P59/1.19 -> 9243.6975 | O59: =N59*0.19 -> 1756.3025 | P59: 11000 | Q59: =S59/1.19 -> 9243.6975 | R59: =Q59*0.19 -> 1756.3025 | S59: 11000
A60: EMPAQUETADURA MOTOR (COMPLETA) | B60: 81512.605 | C60: =B60*0.19 -> 15487.395 | D60: =+B60+C60 -> 97000 | E60: 61344.538 | F60: =E60*0.19 -> 11655.462 | G60: =+E60+F60 -> 73000 | H60: 184033.61 | I60: =H60*0.19 -> 34966.387 | J60: =+H60+I60 -> 219000 | K60: =M60/1.19 -> 183193.28 | L60: =K60*0.19 -> 34806.723 | M60: 218000 | N60: =P60/1.19 -> 163025.21 | O60: =N60*0.19 -> 30974.79 | P60: 194000 | Q60: =S60/1.19 -> 164705.88 | R60: =Q60*0.19 -> 31294.118 | S60: 196000
A61: FILTRO DE ACEITE | B61: N/A | C61: N/A | D61: N/A | E61: 37815.126 | F61: =E61*0.19 -> 7184.8739 | G61: =+E61+F61 -> 45000 | H61: 43697.479 | I61: =H61*0.19 -> 8302.521 | J61: =+H61+I61 -> 52000 | K61: =M61/1.19 -> 42857.143 | L61: =K61*0.19 -> 8142.8571 | M61: 51000 | N61: =P61/1.19 -> 37815.126 | O61: =N61*0.19 -> 7184.8739 | P61: 45000 | Q61: =S61/1.19 -> 38655.462 | R61: =Q61*0.19 -> 7344.5378 | S61: 46000
A62: GUIA CADENILLA | B62: 57983.193 | C62: =B62*0.19 -> 11016.807 | D62: =+B62+C62 -> 69000 | E62: 47058.824 | F62: =E62*0.19 -> 8941.1765 | G62: =+E62+F62 -> 56000 | H62: 61344.538 | I62: =H62*0.19 -> 11655.462 | J62: =+H62+I62 -> 73000 | K62: =M62/1.19 -> 76470.588 | L62: =K62*0.19 -> 14529.412 | M62: 91000 | N62: =P62/1.19 -> 68067.227 | O62: =N62*0.19 -> 12932.773 | P62: 81000 | Q62: =S62/1.19 -> 68907.563 | R62: =Q62*0.19 -> 13092.437 | S62: 82000
A63: GUIA TENSOR CADENILLA | B63: 68067.227 | C63: =B63*0.19 -> 12932.773 | D63: =+B63+C63 -> 81000 | E63: 49579.832 | F63: =E63*0.19 -> 9420.1681 | G63: =+E63+F63 -> 59000 | H63: 88235.294 | I63: =H63*0.19 -> 16764.706 | J63: =+H63+I63 -> 105000 | K63: =M63/1.19 -> 88235.294 | L63: =K63*0.19 -> 16764.706 | M63: 105000 | N63: =P63/1.19 -> 78151.261 | O63: =N63*0.19 -> 14848.739 | P63: 93000 | Q63: =S63/1.19 -> 78991.597 | R63: =Q63*0.19 -> 15008.403 | S63: 94000
A64: GUIA VALVULA | B64: 63865.546 | C64: =B64*0.19 -> 12134.454 | D64: =+B64+C64 -> 76000 | E64: 47899.16 | F64: =E64*0.19 -> 9100.8403 | G64: =+E64+F64 -> 57000 | H64: 142857.14 | I64: =H64*0.19 -> 27142.857 | J64: =+H64+I64 -> 170000 | K64: =M64/1.19 -> 178151.26 | L64: =K64*0.19 -> 33848.739 | M64: 212000 | N64: =P64/1.19 -> 126890.76 | O64: =N64*0.19 -> 24109.244 | P64: 151000 | Q64: =S64/1.19 -> 127731.09 | R64: =Q64*0.19 -> 24268.908 | S64: 152000
A65: KIT EMPAQUES CABEZA DE FUERZA | B65: 81512.605 | C65: =B65*0.19 -> 15487.395 | D65: =+B65+C65 -> 97000 | E65: 61344.538 | F65: =E65*0.19 -> 11655.462 | G65: =+E65+F65 -> 73000 | H65: 117647.06 | I65: =H65*0.19 -> 22352.941 | J65: =+H65+I65 -> 140000 | K65: =M65/1.19 -> 146218.49 | L65: =K65*0.19 -> 27781.513 | M65: 174000 | N65: =P65/1.19 -> 104201.68 | O65: =N65*0.19 -> 19798.319 | P65: 124000 | Q65: =S65/1.19 -> 105042.02 | R65: =Q65*0.19 -> 19957.983 | S65: 125000
A66: TAPA FILTRO DE ACEITE | B66: N/A | C66: N/A | D66: N/A | E66: 12605.042 | F66: =E66*0.19 -> 2394.958 | G66: =+E66+F66 -> 15000 | H66: 10924.37 | I66: =H66*0.19 -> 2075.6303 | J66: =+H66+I66 -> 13000 | K66: =M66/1.19 -> 12605.042 | L66: =K66*0.19 -> 2394.958 | M66: 15000 | N66: =P66/1.19 -> 9243.6975 | O66: =N66*0.19 -> 1756.3025 | P66: 11000 | Q66: =S66/1.19 -> 9243.6975 | R66: =Q66*0.19 -> 1756.3025 | S66: 11000
A67: TAPON DE ACEITE | B67: 13445 | C67: =B67*0.19 -> 2554.55 | D67: =+B67+C67 -> 15999.55 | E67: 10084.034 | F67: =E67*0.19 -> 1915.9664 | G67: =+E67+F67 -> 12000 | H67: 22689.076 | I67: =H67*0.19 -> 4310.9244 | J67: =+H67+I67 -> 27000 | K67: =M67/1.19 -> 25210.084 | L67: =K67*0.19 -> 4789.916 | M67: 30000 | N67: =P67/1.19 -> 18487.395 | O67: =N67*0.19 -> 3512.605 | P67: 22000 | Q67: =S67/1.19 -> 18487.395 | R67: =Q67*0.19 -> 3512.605 | S67: 22000
A68: RETENEDOR CIGUENAL | B68: N/A | C68: N/A | D68: N/A | E68: N/A | F68: N/A | G68: N/A | H68: N/A | I68: N/A | J68: N/A | K68: N/A | L68: N/A | M68: N/A | N68: N/A | O68: N/A | P68: N/A | Q68: N/A | R68: N/A | S68: N/A
A69: RODAMIENTO CIGUENAL | B69: 113445.38 | C69: =B69*0.19 -> 21554.622 | D69: =+B69+C69 -> 135000 | E69: 72268.908 | F69: =E69*0.19 -> 13731.092 | G69: =+E69+F69 -> 86000 | H69: 122689.08 | I69: =H69*0.19 -> 23310.924 | J69: =+H69+I69 -> 146000 | K69: =M69/1.19 -> 131932.77 | L69: =K69*0.19 -> 25067.227 | M69: 157000 | N69: =P69/1.19 -> 104201.68 | O69: =N69*0.19 -> 19798.319 | P69: 124000 | Q69: =S69/1.19 -> 54621.849 | R69: =Q69*0.19 -> 10378.151 | S69: 65000
A70: SELLOS DE VALVULAS | B70: 29411.765 | C70: =B70*0.19 -> 5588.2353 | D70: =+B70+C70 -> 35000 | E70: 21008.403 | F70: =E70*0.19 -> 3991.5966 | G70: =+E70+F70 -> 25000 | H70: 29411.765 | I70: =H70*0.19 -> 5588.2353 | J70: =+H70+I70 -> 35000 | K70: =M70/1.19 -> 36134.454 | L70: =K70*0.19 -> 6865.5462 | M70: 43000 | N70: =P70/1.19 -> 25210.084 | O70: =N70*0.19 -> 4789.916 | P70: 30000 | Q70: =S70/1.19 -> 25210.084 | R70: =Q70*0.19 -> 4789.916 | S70: 30000
A71: TAPA CULATA | B71: N/A | C71: N/A | D71: N/A | E71: N/A | F71: N/A | G71: N/A | H71: N/A | I71: N/A | J71: N/A | K71: =M71/1.19 -> 636974.79 | L71: =K71*0.19 -> 121025.21 | M71: 758000 | N71: N/A | O71: N/A | P71: N/A | Q71: N/A | R71: N/A | S71: N/A
A72: TAPA FILTRO DE ACEITE | B72: N/A | C72: N/A | D72: N/A | E72: N/A | F72: N/A | G72: N/A | H72: N/A | I72: N/A | J72: N/A | K72: =M72/1.19 -> 66386.555 | L72: =K72*0.19 -> 12613.445 | M72: 79000 | N72: =P72/1.19 -> 47058.824 | O72: =N72*0.19 -> 8941.1765 | P72: 56000 | Q72: =S72/1.19 -> 47899.16 | R72: =Q72*0.19 -> 9100.8403 | S72: 57000
A73: TAPA VOLANTE | B73: 309243.7 | C73: =B73*0.19 -> 58756.303 | D73: =+B73+C73 -> 368000 | E73: 286554.62 | F73: =E73*0.19 -> 54445.378 | G73: =+E73+F73 -> 341000 | H73: 305042.02 | I73: =H73*0.19 -> 57957.983 | J73: =+H73+I73 -> 363000 | K73: =M73/1.19 -> 379831.93 | L73: =K73*0.19 -> 72168.067 | M73: 452000 | N73: =P73/1.19 -> 269747.9 | O73: =N73*0.19 -> 51252.101 | P73: 321000 | Q73: =S73/1.19 -> 272268.91 | R73: =Q73*0.19 -> 51731.092 | S73: 324000
A74: TAPON ACEITE | B74: 22689.076 | C74: =B74*0.19 -> 4310.9244 | D74: =+B74+C74 -> 27000 | E74: 15966.387 | F74: =E74*0.19 -> 3033.6134 | G74: =+E74+F74 -> 19000 | H74: 15126.05 | I74: =H74*0.19 -> 2873.9496 | J74: =+H74+I74 -> 18000 | K74: =M74/1.19 -> 19327.731 | L74: =K74*0.19 -> 3672.2689 | M74: 23000 | N74: =P74/1.19 -> 13445.378 | O74: =N74*0.19 -> 2554.6218 | P74: 16000 | Q74: =S74/1.19 -> 13445.378 | R74: =Q74*0.19 -> 2554.6218 | S74: 16000
A75: TAPON CARTER | B75: 22689.076 | C75: =B75*0.19 -> 4310.9244 | D75: =+B75+C75 -> 27000 | E75: 17647.059 | F75: =E75*0.19 -> 3352.9412 | G75: =+E75+F75 -> 21000 | H75: 15126.05 | I75: =H75*0.19 -> 2873.9496 | J75: =+H75+I75 -> 18000 | K75: =M75/1.19 -> 19327.731 | L75: =K75*0.19 -> 3672.2689 | M75: 23000 | N75: =P75/1.19 -> 13445.378 | O75: =N75*0.19 -> 2554.6218 | P75: 16000 | Q75: =S75/1.19 -> 13445.378 | R75: =Q75*0.19 -> 2554.6218 | S75: 16000
A76: TENSOR CADENILLA | B76: 86554.622 | C76: =B76*0.19 -> 16445.378 | D76: =+B76+C76 -> 103000 | E76: 72268.908 | F76: =E76*0.19 -> 13731.092 | G76: =+E76+F76 -> 86000 | H76: 178991.6 | I76: =H76*0.19 -> 34008.403 | J76: =+H76+I76 -> 213000 | K76: =M76/1.19 -> 222689.08 | L76: =K76*0.19 -> 42310.924 | M76: 265000 | N76: =P76/1.19 -> 157983.19 | O76: =N76*0.19 -> 30016.807 | P76: 188000 | Q76: =S76/1.19 -> 159663.87 | R76: =Q76*0.19 -> 30336.134 | S76: 190000
A77: JUEGO VALVULAS ADMISION Y ESCAPE | B77: 213445.38 | C77: =B77*0.19 -> 40554.622 | D77: =+B77+C77 -> 254000 | E77: 81512.605 | F77: =E77*0.19 -> 15487.395 | G77: =+E77+F77 -> 97000 | H77: 200840.34 | I77: =H77*0.19 -> 38159.664 | J77: =+H77+I77 -> 239000 | K77: =M77/1.19 -> 250420.17 | L77: =K77*0.19 -> 47579.832 | M77: 298000 | N77: =P77/1.19 -> 177310.92 | O77: =N77*0.19 -> 33689.076 | P77: 211000 | Q77: =S77/1.19 -> 178991.6 | R77: =Q77*0.19 -> 34008.403 | S77: 213000
A78: CULATIN | B78: N/A | C78: N/A | D78: N/A | E78: N/A | F78: N/A | G78: N/A | H78: N/A | I78: N/A | J78: N/A | K78: =M78/1.19 -> 636974.79 | L78: =K78*0.19 -> 121025.21 | M78: 758000 | N78: N/A | O78: N/A | P78: N/A | Q78: N/A | R78: N/A | S78: N/A
A79: aceite 10w-30 (S.I) (para uso en motocicletas nuevas o recien reparadas) | B79: 45378.151 | C79: =B79*0.19 -> 8621.8487 | D79: =+B79+C79 -> 54000 | E79: 34453.782 | F79: =E79*0.19 -> 6546.2185 | G79: =+E79+F79 -> 41000 | H79: 41176.471 | I79: =H79*0.19 -> 7823.5294 | J79: =+H79+I79 -> 49000 | K79: =M79/1.19 -> 51260.504 | L79: =K79*0.19 -> 9739.4958 | M79: 61000 | N79: =P79/1.19 -> 36134.454 | O79: =N79*0.19 -> 6865.5462 | P79: 43000 | Q79: =S79/1.19 -> 36974.79 | R79: =Q79*0.19 -> 7025.2101 | S79: 44000
A80: ACEITE 4T 20W50 (S.I.) | B80: 31932.773 | C80: =B80*0.19 -> 6067.2269 | D80: =+B80+C80 -> 38000 | E80: 24369.748 | F80: =E80*0.19 -> 4630.2521 | G80: =+E80+F80 -> 29000 | H80: 29411.765 | I80: =H80*0.19 -> 5588.2353 | J80: =+H80+I80 -> 35000 | K80: =M80/1.19 -> 36134.454 | L80: =K80*0.19 -> 6865.5462 | M80: 43000 | N80: =P80/1.19 -> 25210.084 | O80: =N80*0.19 -> 4789.916 | P80: 30000 | Q80: =S80/1.19 -> 25210.084 | R80: =Q80*0.19 -> 4789.916 | S80: 30000
A81: TORNILLO DE LUBRICACION | B81: 22689.076 | C81: =B81*0.19 -> 4310.9244 | D81: =+B81+C81 -> 27000 | E81: 15966.387 | F81: =E81*0.19 -> 3033.6134 | G81: =+E81+F81 -> 19000 | H81: 46218.487 | I81: =H81*0.19 -> 8781.5126 | J81: =+H81+I81 -> 55000 | K81: =M81/1.19 -> 57142.857 | L81: =K81*0.19 -> 10857.143 | M81: 68000 | N81: =P81/1.19 -> 40336.134 | O81: =N81*0.19 -> 7663.8655 | P81: 48000 | Q81: =S81/1.19 -> 41176.471 | R81: =Q81*0.19 -> 7823.5294 | S81: 49000
A82: PATA DE ENCENDIDO | B82: 245378.15 | C82: =B82*0.19 -> 46621.849 | D82: =+B82+C82 -> 292000 | E82: 126050.42 | F82: =E82*0.19 -> 23949.58 | G82: =+E82+F82 -> 150000 | H82: 154621.85 | I82: =H82*0.19 -> 29378.151 | J82: =+H82+I82 -> 184000 | K82: N/A | L82: N/A | M82: N/A | N82: N/A | O82: N/A | P82: N/A | Q82: N/A | R82: N/A | S82: N/A
A83: TAPA BOMBA ACEITE | B83: 81512.605 | C83: =B83*0.19 -> 15487.395 | D83: =+B83+C83 -> 97000 | E83: 61344.538 | F83: =E83*0.19 -> 11655.462 | G83: =+E83+F83 -> 73000 | H83: N/A | I83: N/A | J83: N/A | K83: N/A | L83: N/A | M83: N/A | N83: N/A | O83: N/A | P83: N/A | Q83: N/A | R83: N/A | S83: N/A
A84: KIT RETENEDORES MOTOR | B84: 79831.933 | C84: =B84*0.19 -> 15168.067 | D84: =+B84+C84 -> 95000 | E84: 56302.521 | F84: =E84*0.19 -> 10697.479 | G84: =+E84+F84 -> 67000 | H84: 73109.244 | I84: =H84*0.19 -> 13890.756 | J84: =+H84+I84 -> 87000 | K84: =M84/1.19 -> 82352.941 | L84: =K84*0.19 -> 15647.059 | M84: 98000 | N84: =P84/1.19 -> 58823.529 | O84: =N84*0.19 -> 11176.471 | P84: 70000 | Q84: =S84/1.19 -> 59663.866 | R84: =Q84*0.19 -> 11336.134 | S84: 71000
A85: CAMISA CILINDRO | B85: 227731.09 | C85: =B85*0.19 -> 43268.908 | D85: =+B85+C85 -> 271000 | E85: 225210.08 | F85: =E85*0.19 -> 42789.916 | G85: =+E85+F85 -> 268000 | H85: 227731.09 | I85: =H85*0.19 -> 43268.908 | J85: =+H85+I85 -> 271000 | K85: =M85/1.19 -> 227731.09 | L85: =K85*0.19 -> 43268.908 | M85: 271000 | N85: =P85/1.19 -> 226050.42 | O85: =N85*0.19 -> 42949.58 | P85: 269000 | Q85: =S85/1.19 -> 228571.43 | R85: =Q85*0.19 -> 43428.571 | S85: 272000
A86: EMPAQUE TAPA VALVULAS | B86: 57142.857 | C86: =B86*0.19 -> 10857.143 | D86: =+B86+C86 -> 68000 | E86: 42857.143 | F86: =E86*0.19 -> 8142.8571 | G86: =+E86+F86 -> 51000 | H86: 41176.471 | I86: =H86*0.19 -> 7823.5294 | J86: =+H86+I86 -> 49000 | K86: N/A | L86: N/A | M86: N/A | N86: =P86/1.19 -> 26890.756 | O86: =N86*0.19 -> 5109.2437 | P86: 32000 | Q86: =S86/1.19 -> 27731.092 | R86: =Q86*0.19 -> 5268.9076 | S86: 33000
A87: DIAFRAGMA | B87: 131932.77 | C87: =B87*0.19 -> 25067.227 | D87: =+B87+C87 -> 157000 | E87: 99159.664 | F87: =E87*0.19 -> 18840.336 | G87: =+E87+F87 -> 118000 | H87: 341176.47 | I87: =H87*0.19 -> 64823.529 | J87: =+H87+I87 -> 406000 | K87: =M87/1.19 -> 476470.59 | L87: =K87*0.19 -> 90529.412 | M87: 567000 | N87: =P87/1.19 -> 338655.46 | O87: =N87*0.19 -> 64344.538 | P87: 403000 | Q87: =S87/1.19 -> 342016.81 | R87: =Q87*0.19 -> 64983.193 | S87: 407000
A88: KIT BUJES TRAPECIO - CHASIS | B88: 190756.3 | C88: =B88*0.19 -> 36243.697 | D88: =+B88+C88 -> 227000 | E88: 142857.14 | F88: =E88*0.19 -> 27142.857 | G88: =+E88+F88 -> 170000 | H88: N/A | I88: N/A | J88: N/A | K88: =M88/1.19 -> 453781.51 | L88: =K88*0.19 -> 86218.487 | M88: 540000 | N88: =P88/1.19 -> 321848.74 | O88: =N88*0.19 -> 61151.261 | P88: 383000 | Q88: =S88/1.19 -> 325210.08 | R88: =Q88*0.19 -> 61789.916 | S88: 387000
A89: RODAMIENTO VOLANTE | B89: 290756.3 | C89: =B89*0.19 -> 55243.697 | D89: =+B89+C89 -> 346000 | E89: 111764.71 | F89: =E89*0.19 -> 21235.294 | G89: =+E89+F89 -> 133000 | H89: 743697.48 | I89: =H89*0.19 -> 141302.52 | J89: =+H89+I89 -> 885000 | K89: =M89/1.19 -> 927731.09 | L89: =K89*0.19 -> 176268.91 | M89: 1104000 | N89: =P89/1.19 -> 658823.53 | O89: =N89*0.19 -> 125176.47 | P89: 784000 | Q89: =S89/1.19 -> 665546.22 | R89: =Q89*0.19 -> 126453.78 | S89: 792000
A90: KIT | B90: 81512.605 | C90: =B90*0.19 -> 15487.395 | D90: =+B90+C90 -> 97000 | E90: 61344.538 | F90: =E90*0.19 -> 11655.462 | G90: =+E90+F90 -> 73000 | H90: 40336.134 | I90: =H90*0.19 -> 7663.8655 | J90: =+H90+I90 -> 48000 | K90: =M90/1.19 -> 48739.496 | L90: =K90*0.19 -> 9260.5042 | M90: 58000 | N90: =P90/1.19 -> 34453.782 | O90: =N90*0.19 -> 6546.2185 | P90: 41000 | Q90: =S90/1.19 -> 34453.782 | R90: =Q90*0.19 -> 6546.2185 | S90: 41000
A91: CUNA O MEDIALUNA | B91: 34453.782 | C91: =B91*0.19 -> 6546.2185 | D91: =+B91+C91 -> 41000 | E91: 26050.42 | F91: =E91*0.19 -> 4949.5798 | G91: =+E91+F91 -> 31000 | H91: 10924.37 | I91: =H91*0.19 -> 2075.6303 | J91: =+H91+I91 -> 13000 | K91: =M91/1.19 -> 9243.6975 | L91: =K91*0.19 -> 1756.3025 | M91: 11000 | N91: =P91/1.19 -> 6722.6891 | O91: =N91*0.19 -> 1277.3109 | P91: 8000 | Q91: =S91/1.19 -> 6722.6891 | R91: =Q91*0.19 -> 1277.3109 | S91: 8000
A92: RODAMIENTO CONTRABALANCEO | B92: N/A | C92: N/A | D92: N/A | E92: N/A | F92: N/A | G92: N/A | H92: N/A | I92: N/A | J92: N/A | K92: =M92/1.19 -> 636974.79 | L92: =K92*0.19 -> 121025.21 | M92: 758000 | N92: N/A | O92: N/A | P92: N/A | Q92: N/A | R92: N/A | S92: N/A
A93: SUBTOTAL | B93: =SUM(B38:B92) -> 6738655.1 | C93: =SUM(C38:C92) -> 1280344.5 | D93: =SUM(D38:D92) -> 8018999.5 | E93: =SUM(E38:E92) -> 5807563 | F93: =SUM(F38:F92) -> 1103437 | G93: =SUM(G38:G92) -> 6911000 | H93: =SUM(H38:H92) -> 8662184.9 | I93: =SUM(I38:I92) -> 1645815.1 | ... S93: =SUM(S38:S92) -> 10751000
A94: SISTEMA DE TRANSFERENCIA
A95: SELECTOR DE CAMBIOS | B95: 490756 | C95: =B95*0.19 -> 93243.64 | D95: =+B95+C95 -> 583999.64 | E95: 368907.56 | F95: =E95*0.19 -> 70092.437 | G95: =+E95+F95 -> 439000 | H95: N/A | I95: N/A | J95: N/A | K95: =M95/1.19 -> 507563.03 | L95: =K95*0.19 -> 96436.975 | M95: 604000 | N95: =P95/1.19 -> 359663.87 | O95: =N95*0.19 -> 68336.134 | P95: 428000 | Q95: =S95/1.19 -> 363865.55 | R95: =Q95*0.19 -> 69134.454 | S95: 433000
A96: BUJE TENSOR CADENA | B96: N/A | C96: N/A | D96: N/A | E96: N/A | F96: N/A | G96: N/A | H96: N/A | I96: N/A | J96: N/A | K96: N/A | L96: N/A | M96: N/A | N96: N/A | O96: N/A | P96: N/A | Q96: N/A | R96: N/A | S96: N/A
A97: BUJES CONTROL CAMBIO | B97: 45378.151 | C97: =B97*0.19 -> 8621.8487 | D97: =+B97+C97 -> 54000 | E97: 45378.151 | F97: =E97*0.19 -> 8621.8487 | G97: =+E97+F97 -> 54000 | H97: N/A | I97: N/A | J97: N/A | K97: =M97/1.19 -> 43697.479 | L97: =K97*0.19 -> 8302.521 | M97: 52000 | N97: =P97/1.19 -> 34453.782 | O97: =N97*0.19 -> 6546.2185 | P97: 41000 | Q97: =S97/1.19 -> 34453.782 | R97: =Q97*0.19 -> 6546.2185 | S97: 41000
A98: BUJES EMBRAGUE | B98: 409243.7 | C98: =B98*0.19 -> 77756.303 | D98: =+B98+C98 -> 487000 | E98: 307563.03 | F98: =E98*0.19 -> 58436.975 | G98: =+E98+F98 -> 366000 | H98: N/A | I98: N/A | J98: N/A | K98: =M98/1.19 -> 43697.479 | L98: =K98*0.19 -> 8302.521 | M98: 52000 | N98: =P98/1.19 -> 36134.454 | O98: =N98*0.19 -> 6865.5462 | P98: 43000 | Q98: =S98/1.19 -> 36974.79 | R98: =Q98*0.19 -> 7025.2101 | S98: 44000
A99: BUJES PORTA PLATO | B99: 63865.546 | C99: =B99*0.19 -> 12134.454 | D99: =+B99+C99 -> 76000 | E99: 63025.21 | F99: =E99*0.19 -> 11974.79 | G99: =+E99+F99 -> 75000 | H99: N/A | I99: N/A | J99: N/A | K99: =M99/1.19 -> 51260.504 | L99: =K99*0.19 -> 9739.4958 | M99: 61000 | N99: =P99/1.19 -> 63025.21 | O99: =N99*0.19 -> 11974.79 | P99: 75000 | Q99: =S99/1.19 -> 63865.546 | R99: =Q99*0.19 -> 12134.454 | S99: 76000
A100: CABLE GUAYA EMBRAGUE | B100: 75630.252 | C100: =B100*0.19 -> 14369.748 | D100: =+B100+C100 -> 90000 | E100: N/A | F100: N/A | G100: N/A | H100: N/A | I100: N/A | J100: N/A | K100: =M100/1.19 -> 121848.74 | L100: =K100*0.19 -> 23151.261 | M100: 145000 | N100: =P100/1.19 -> 108403.36 | O100: =N100*0.19 -> 20596.639 | P100: 129000 | Q100: =S100/1.19 -> 110084.03 | R100: =Q100*0.19 -> 20915.966 | S100: 131000
A101: CANASTILLAS VARILLA DE EMBRAGUE | B101: 145378.15 | C101: =B101*0.19 -> 27621.849 | D101: =+B101+C101 -> 173000 | E101: N/A | F101: N/A | G101: N/A | H101: N/A | I101: N/A | J101: N/A | K101: =M101/1.19 -> 20168.067 | L101: =K101*0.19 -> 3831.9328 | M101: 24000 | N101: =P101/1.19 -> 18487.395 | O101: =N101*0.19 -> 3512.605 | P101: 22000 | Q101: =S101/1.19 -> 18487.395 | R101: =Q101*0.19 -> 3512.605 | S101: 22000
...

Sheet CONSOLIDADO
A1: PROPUESTA ECONOMICA - ARAUCA - SUBDIRECCION REGIONAL DE APOYO NORORIENTAL
A2: 2022
A3: OBJETO: Prestación del servicio de mantenimiento preventivo y correctivo integral con suministro de repuestos originales y/o homologados, para las motocicletas que conforman el parque automotor de la Fiscalía General de la Nación Regional Nororiental
A5: RESUMEN CONSOLIDADO DE PROPUESTA ECONOMICA
A8: TOTAL MANO DE OBRA INCLUIDO IVA | B8: ='MANO DE OBRA'!E128 -> 9758000.2
A9: TOTAL REPUESTOS INCLUIDO IVA | B9: =REPUESTOS!B333 -> 3.087004e+08
A10: VALOR TOTAL OFERTA ECONOMICA | B10: =SUM(B8:B9) -> 3.184584e+08
A14: EMPRESA | B14: FRENOPARTES Y SUMINISTROS SAS ZOMAC
A15: NIT o CC | B15: 901112206 - 1
A16: NOMBRE REPRESENTANTE LEGAL | B16: OMAR SANCHEZ CUEVAS
A17: Correo Electronico | B17: GERENCIA@FRENOPARTES.COM
A18: Celular | B18: 3223654347
A19: DIRECCION | B19: CR 16 24 59 ARAUCA
